 Dungeon Crawl Stone Soup version 0.17-a0-1056-g838d5c0 (webtiles) character file.

378500 RobertPalmer the Warrior (level 22, -4/236 HPs)
             Began as a Naga Chaos Knight on May 15, 2015.
             Slain by a deep troll (9 damage)
             ... led by an ironheart preserver
             ... on level 4 of the Vaults on May 16, 2015.
             The game lasted 03:13:13 (49836 turns).

RobertPalmer the Warrior (Naga Chaos Knight)       Turns: 49836, Time: 03:13:13

Health: -4/236     AC: 29    Str: 17    XL:     22   Next: 83%
Magic:  22/22      EV: 14    Int: 30    God:    Xom [..*...]
Gold:   2172       SH: 22    Dex: 12    Spells: 2 memorised, 17 levels left

rFire  + + .     SeeInvis +     a - +6 double sword (venom)
rCold  . . .     Clarity  +     d - +3 leather armour {MR+}
rNeg   . . .     SustAb   .     v - +3 large shield of a sewer {rF++ rC- rCorr}
rPois  +         Gourm    .     (helmet restricted)
rElec  .         Spirit   .     m - +2 cloak
rCorr  +         Warding  .     X - +2 pair of gloves
rMut   .         Stasis   .     p - +4 naga barding
MR     +++..                    Q - amulet of regeneration {+regen, !d}
Stlth  ++........               j - ring "Vaimoysch" {+cTele rPois Int+9}
                                n - ring of the Exiled Orbs {rPois rC+ Slay+3 SInv}

@: about to teleport, studying Long Blades, very slow, extremely resistant to
hostile enchantments, unstealthy
A: horns 1, rugged brown scales 1, thin skeletal structure 1, see invisible,
blink 1, clarity, deformed body, poison resistance, shaggy fur 1, slowness 2,
slow metabolism 1, spit poison 2, constrict 1, AC +7
a: Spit Poison, Blink, Renounce Religion, Evoke Teleport Control
}: 2/15 runes: barnacled, gossamer


You were on level 4 of the Vaults.
You worshipped Xom.
You were a toy of Xom.
You were hungry.

You visited 8 branches of the dungeon, and saw 43 of its levels.
You also visited: Labyrinth and Ice Cave.

You collected 5176 gold pieces.
You spent 2347 gold pieces at shops.

Inventory:

Hand weapons
 a - a +6 double sword of venom (weapon)
   (You acquired it on level 7 of the Lair of Beasts)
 b - the +6 demon blade of Extinguishment {venom, -Tele rElec rC++}
   (You acquired it on level 7 of the Lair of Beasts)

   It poisons the flesh of those it strikes.
   It greatly protects you from cold.
   It insulates you from electricity.
   It prevents most forms of teleportation.
 J - a cursed +1 scimitar of flaming
   (You took it off an orc warrior on level 4 of the Orcish Mines)
Missiles
 R - 4 throwing nets {=f, !d}
Armour
 d - a +3 leather armour of magic resistance (worn)
   (You found it on level 5 of the Lair of Beasts)
 m - a +2 cloak (worn)
   (You found it in a labyrinth)
 p - a +4 naga barding (worn)
   (You found it on level 8 of the Dungeon)
 v - the +3 large shield of a sewer (worn) {rF++ rC- rCorr}
   (You acquired it on level 7 of the Lair of Beasts)

   It greatly protects you from fire.
   It makes you vulnerable to cold.
   It protects you from acid and corrosion.
 X - a +2 pair of gloves (worn)
   (You found it on level 3 of the Spider Nest)
Rods
 N - a +1 rod of clouds (14/14) {!a}
   (You took it off a merfolk javelineer on level 4 of the Shoals)
Jewellery
 j - the ring "Vaimoysch" (right hand) {+cTele rPois Int+9}
   (You found it on level 3 of the Elven Halls)

   [ring of teleport control]

   It can be evoked for teleport control.
   It affects your intelligence (+9).
   It protects you from poison.
 k - the amulet "Ivagemp" {Gourm Dex+4}
   (You took it off a deep elf demonologist on level 3 of the Elven Halls)

   [amulet of the gourmand]

   It allows you to eat raw meat even when not hungry.
   It affects your dexterity (+4).
 n - the ring of the Exiled Orbs (left hand) {rPois rC+ Slay+3 SInv}
   (You took it off a deep elf sorcerer on level 3 of the Elven Halls)

   [ring of slaying]

   It affects your accuracy and damage with ranged weapons and melee attacks
   (+3).
   It protects you from cold.
   It protects you from poison.
   It lets you see invisible.
 C - an uncursed amulet of resist mutation {rMut, !d}
   (You took it off a spriggan on level 7 of the Dungeon)
 E - the ring "Mukoasih" {+/*Tele Int+3}
   (You found it in a labyrinth)

   [ring of teleportation]

   It may teleport you to nearby monsters, and can be evoked to randomly
   teleport.
   It affects your intelligence (+3).
 M - a cursed ring of sustain abilities {SustAb}
   (You took it off a merfolk on level 4 of the Shoals)
 P - an uncursed ring of wizardry {Wiz+, !d}
   (You found it on level 8 of the Lair of Beasts)
 Q - an amulet of regeneration (around neck) {+regen, !d}
   (You found it on level 11 of the Dungeon)
 T - an uncursed amulet of faith {Faith, !P}
   (You found it on level 15 of the Dungeon)
Magical devices
 w - a wand of digging (12)
   (You found it on level 2 of the Lair of Beasts)
 z - a wand of teleportation (7)
   (You found it on level 8 of the Dungeon)
 I - a wand of digging (6)
   (You found it on level 3 of the Elven Halls)
Scrolls
 i - 3 scrolls of fear
 r - 2 scrolls of silence
 s - 3 scrolls of enchant armour
 t - 12 scrolls of amnesia
 u - 13 scrolls of remove curse
 A - 6 scrolls of magic mapping {!r}
 G - 2 scrolls of recharging
 H - 4 scrolls of identify
 K - 6 scrolls of fog
 W - 3 scrolls of blinking {!r}
 Y - a scroll of holy word {!r}
Potions
 e - 5 potions of flight
 f - 10 potions of brilliance
 g - 4 potions of mutation {!q}
 h - 3 potions of curing
 B - a potion of berserk rage {!q}
 D - a potion of haste
 F - 2 potions of magic
 L - a potion of might
 S - a potion of resistance
 Z - a potion of invisibility
Books
 y - a manual of Long Blades {!d}
   (You found it on level 8 of the Lair of Beasts)
 U - a Necronomicon {highlevel}
   (You found it on level 3 of the Spider Nest)
Miscellaneous
 o - a plain deck of wonders
   (You found it on level 4 of the Vaults)
 q - a fan of gales
   (You found it on level 2 of the Elven Halls)
 x - a plain deck of changes {drawn: 1}
   (You found it on level 3 of the Elven Halls)
Comestibles
 c - 21 bread rations {@e1}
 l - 13 meat rations {@e2}
 V - 62 fruits


   Skills:
 - Level 20.9 Fighting
 - Level 16.3 Long Blades
 - Level 5.0 Armour
 - Level 15.0 Dodging
 - Level 15.0 Shields
 + Level 13.4 Necromancy


You had 17 spell levels left.
You knew the following spells:

 Your Spells              Type           Power        Failure   Level  Hunger
a - Corpse Rot            Necr           N/A          1%          2    ###....
d - Repel Missiles        Chrm/Air       #.....       17%         2    ###....


Dungeon Overview and Level Annotations

Branches:
Dungeon (15/15)            Temple (0/1) D:4            Lair (8/8) D:9
 Shoals (4/4) Lair:4       Spider (4/4) Lair:6        Slime (0/6) Lair:8
    Orc (4/4) D:12            Elf (3/3) Orc:3        Vaults (4/5) D:13
  Crypt (0/3) Vaults:2     Depths (1/5) D:15

Altars:
Ashenzari
Cheibriados
Elyvilon
Okawaru
Ru
Sif Muna
Trog
Xom
Yredelemnul
Zin
Beogh
Jiyva

Shops:
D:14 *   Orc:1 !*   Orc:3 !   Orc:4 ?[!(   Shoals:2 !   Vaults:1 %   Vaults:2 =
Vaults:3 [

Portals:
Bazaar: Elf:3

Annotations:
Lair:4 exclusion: oklob plant
Shoals:4 Mara
Elf:2 exclusion: ice statue


Innate Abilities, Weirdness & Mutations

You cannot wear boots.
Your serpentine skin is tough (AC +7).
You have supernaturally acute eyesight.
Armour fits poorly on your strangely shaped body.
Your system is resistant to poisons.
You cover ground very slowly.
You have a slow metabolism.
You can spit poison.
You can use your snake-like lower body to constrict enemies.
You have a pair of small horns on your head.
You are partially covered in rugged brown scales (AC +1, +3% HP).
You have a somewhat thin skeletal structure (Dex +2, Stealth).
You can translocate small distances at will.
You possess an exceptional clarity of mind.
You are covered in fur (AC +1).


Message History

The freezing wraith looks rather confused.
The deep troll looks rather confused.
The ironheart preserver looks rather confused.
The deep troll shaman looks rather confused.
The deep troll looks rather confused. x2
The deep troll shaman looks rather confused.
The deep troll seems less confused.
Xom is amused.
The freezing wraith hits itself!
The freezing wraith hits itself but does no damage.
The deep troll barely misses you. You block the deep troll's attack.
The deep troll claws you but does no damage.
The deep troll bites the ironheart preserver!
The deep troll claws the ironheart preserver!
The ironheart preserver dies!
Unknown command.
Unknown command.
Unknown command.
Unknown command.
You slash the deep troll!
You kill the deep troll!
The deep troll seems less confused.
The deep troll shaman seems less confused.
The deep troll bites the deep troll!
The deep troll claws the deep troll.
The deep troll claws the deep troll!
The freezing wraith hits you but does no damage.
You block the freezing wraith's attack.
You catch the helpless freezing wraith completely off-guard!
You hit the freezing wraith.
The deep troll seems less confused.
You block the freezing wraith's attack.
The freezing wraith hits you but does no damage.
You barely miss the freezing wraith.
Xom smirks.
You detect nothing.
The deep troll bites you! The deep troll closely misses you.
The deep troll misses you.
The deep troll shaman bites the deep troll!
The deep troll dies!
You take 13 damage, and have 117/236 hp.
You slash the deep troll!
Your grab misses the deep troll. "See what I see, my child!"
You feel aware of your surroundings.
The deep troll shaman seems less confused.
You block the deep troll shaman's attack.
The deep troll shaman misses you.
You block the deep troll shaman's attack.
The deep troll closely misses you. You block the deep troll's attack.
The deep troll closely misses you.
The freezing wraith barely misses the deep troll.
The freezing wraith hits the deep troll!
Unknown command.
You barely miss the deep troll. You grab the deep troll.
You headbutt the deep troll, but do no damage.
You constrict the deep troll, but do no damage.
The freezing wraith seems less confused.
The deep troll bites you but does no damage.
The deep troll closely misses you. You block the deep troll's attack.
You block the deep troll shaman's attack.
The deep troll shaman barely misses you.
You block the deep troll shaman's attack. x2
The deep troll shaman claws you but does no damage.
The deep troll shaman claws you!
The freezing wraith completely misses you.
The freezing wraith hits you but does no damage.
You take 7 damage, and have 111/236 hp.
Unknown command.
Unknown command.
Unknown command.
You slash the deep troll!
The deep troll is poisoned.
You constrict the deep troll.
The deep troll bites you but does no damage.
You block the deep troll's attack. x2
The deep troll shaman bites you!
The deep troll shaman claws you but does no damage.
The deep troll shaman claws you!
The deep troll shaman bites you but does no damage.
The deep troll shaman claws you but does no damage. x2
You take 27 damage, and have 84/236 hp.
Unknown command.
Unknown command.
Read which item? (? for menu, Esc to quit)
As you read the scroll of teleportation, it crumbles to dust.
You feel strangely unstable.
You constrict the deep troll. You block the deep troll's attack.
The deep troll claws you! You block the deep troll's attack.
The deep troll shaman bites you!!
* * * LOW HITPOINT WARNING * * *
You block the deep troll shaman's attack.
The deep troll shaman claws you!!
* * * LOW HITPOINT WARNING * * *
Xom is amused.
The freezing wraith closely misses you.
The freezing wraith completely misses you.
The deep troll shaman bites you but does no damage.
You block the deep troll shaman's attack. x2
The deep troll bites you!
* * * LOW HITPOINT WARNING * * *
Xom thinks this is hilarious!
The deep troll claws you!
You die...
Xom is highly amused!

#. *∆ #. * , #., *,
######+# #####'######*,
+......#
,........?..#####......#
,...........'...#......#
...........#...#......#
,.......TT..###'#...)).##
......T@W..##..#.(...)#.
.......†...##..#(####(#.
,...........##..(.#..+.(.
...........##....#..#.).
...........#######..####
,...........#######'##
,...........##.......# ,
...........##.......#.# ,
, , #.......#.##


You could see a deep troll, 2 deep troll shamans and a freezing wraith.

Vanquished Creatures
  Saint Roka (Elf:3)
  Jorgrun (Elf:3)
  Rupert (D:13)
  2 deep elf blademasters
  An acid blob (shapeshifter) (Spider:3)
  4 deep elf master archers (Elf:3)
  2 sphinxes (Elf:3)
  A kraken (Shoals:1)
  A storm dragon (Elf:3)
  Ilsuiw (Shoals:4)
  2 fire giants (Vaults:4)
  Maud (D:11)
  12 deep elf sorcerers
  Louise (Elf:1)
  4 emperor scorpions (Spider:4)
  2 ghost moths (Spider:4)
  5 vault wardens
  2 very ugly things (Vaults:4)
  2 large abominations
  8 ironheart preservers
  An apis (Elf:3)
  5 stone giants
  12 deep elf annihilators
  6 deep elf demonologists
  4 ettins
  The ghost of Yermak the Cleaver, a powerful FoHu of Makhleb (Lair:1)
  Snorg (Orc:4)
  3 merfolk javelineers
  5 deep elf death magi (Elf:3)
  5 fire dragons
  12 vault guards
  The ghost of HEYYEYAAE the Fighter, a powerful OpBe of Trog (Orc:4)
  9 merfolk impalers
  A minotaur (Lab)
  2 entropy weavers
  6 deep elf high priests
  3 yaktaur captains
  2 great orbs of eyes
  5 ogre magi
  4 hydras
  7 merfolk aquamancers
  2 salamander stormcallers
  8 death yaks
  4 centaur warriors
  An alligator snapping turtle (Shoals:3)
  14 dancing weapons (Elf:2)
  A satyr (Shoals:4)
  3 orc high priests
  2 tengu warriors (D:15)
  Urug (D:14)
  4 deep troll earth magi
  Sonja (Orc:2)
  Nergalle (D:10)
  A skeletal warrior (D:14)
  22 deep elf knights
  3 fire crabs
  6 hell knights
  A sun demon (Elf:3)
  A death drake (shapeshifter) (Elf:2)
  8 unseen horrors
  2 wizards
  10 deep elf summoners
  5 sea snakes
  A giant orange brain (Vaults:2)
  An anubis guard (Spider:3)
  An anaconda (Vaults:1)
  11 deep trolls
  2 ice statues (IceCv)
  2 flayed ghosts
  14 harpies
  3 ironbrand convokers (Vaults:1)
  21 deep elf conjurers
  19 ugly things
  23 orb spiders
  8 hill giants
  33 wolf spiders
  7 cyclopes
  22 griffons
  2 necromancers
  2 shining eyes (shapeshifter)
  5 hornets
  An orc sorcerer (Elf:3)
  6 orc knights
  7 fauns
  10 sirens
  A black mamba (Lair:5)
  A moth of wrath (Spider:4)
  2 elephants (Lair:7)
  7 manticores
  An orange demon (Elf:3)
  5 water nymphs
  Joseph (D:7)
  3 centaur zombies
  6 vault sentinels
  15 spiny frogs
  Psyche (D:9)
  A torpor snail (Lair:5)
  2 centaur skeletons
  An eye of devastation (Vaults:1)
  6 kobold demonologists
  5 fire drakes
  20 deep elf priests
  20 demonic crawlers
  2 small abominations
  7 komodo dragons
  3 freezing wraiths
  8 yaktaurs
  13 two-headed ogres
  A queen bee (shapeshifter) (Vaults:3)
  4 wandering mushrooms (Lab)
  A giant leech (shapeshifter) (Elf:2)
  35 jumping spiders
  42 merfolk
  2 spriggan druids (Lair:8)
  4 polar bears
  8 blink frogs
  A blue devil (Shoals:4)
  3 tengu conjurers
  13 snapping turtles
  3 trolls
  4 boulder beetles
  4 ravens (D:15)
  A wind drake (shapeshifter) (Vaults:3)
  29 slime creatures
  A raven (shapeshifter) (Vaults:2)
  4 wind drakes
  2 fire vortices
  A raiju (shapeshifter) (Vaults:3)
  14 trapdoor spiders
  2 shadows
  74 yaks
  39 redbacks
  25 tarantellas
  13 spriggans
  2 wraiths
  9 water elementals
  A human (D:13)
  A yak (shapeshifter) (Elf:2)
  32 deep elf magi
  A basilisk (D:12)
  44 deep elf fighters
  4 wargs
  17 hippogriffs
  2 steam dragons
  2 hippogriffs (shapeshifter)
  18 vampire mosquitoes
  A mottled dragon (Vaults:2)
  3 wyverns
  2 hungry ghosts
  A chaos spawn (Vaults:2)
  19 water moccasins
  19 wolves
  2 hell hounds (Elf:3)
  2 human zombies (Vaults:1)
  An eye of draining (shapeshifter) (Vaults:1)
  A sky beast (D:9)
  10 wasps
  24 spiders
  6 necrophages
  11 porcupines
  7 boggarts
  27 ice beasts
  A phantom (D:10)
  9 black bears
  11 centaurs
  25 orc warriors
  21 ogres
  21 crocodiles
  2 brain worms
  29 giant frogs
  A lost soul (Elf:3)
  A yaktaur zombie (Vaults:1)
  3 killer bees (D:12)
  4 scorpions
  A wyvern skeleton (D:9)
  18 wights
  6 electric eels
  11 crimson imps
  8 hounds
  5 iguanas
  4 giant frog zombies
  3 jellies
  3 quasits
  3 iron imps (Shoals:4)
  4 giant frog skeletons
  16 orc wizards
  17 orc priests
  2 hell rats (Elf:2)
  A boulder beetle simulacrum (Vaults:1)
  12 worker ants
  40 sheep
  A hound skeleton (D:7)
  A mummy (D:7)
  3 worker ant zombies
  6 gnolls
  11 adders
  40 river rats
  5 shadow imps
  3 ufetubi (Shoals:4)
  2 oozes
  An adder skeleton (D:9)
  6 worms
  108 orcs
  14 bats
  9 giant cockroaches
  11 hobgoblins
  3 jackals (D:3)
  5 quokkas
  6 giant geckos
  A giant gecko zombie (D:8)
  8 giant newts
  19 goblins
  3 jackal skeletons
  12 kobolds
  A quokka skeleton (D:5)
  16 rats
  2 crawling corpses (Elf:3)
  6 fungi
  11 plants
1777 creatures vanquished.

Vanquished Creatures (collateral kills)
  Donald (Elf:1)
  A vault warden (Vaults:1)
  A deep elf sorcerer (Elf:3)
  A stone giant (Vaults:3)
  An ironheart preserver (Vaults:4)
  A deep elf high priest (Elf:3)
  An entropy weaver (IceCv)
  4 hydras
  A catoblepas (Lair:5)
  An alligator snapping turtle (Shoals:4)
  A satyr (Shoals:4)
  3 death yaks (Lair:8)
  An ogre mage (D:15)
  2 centaur warriors
  5 orc high priests
  3 skeletal warriors (D:14)
  A deep troll (Vaults:4)
  2 hill giants
  A deep elf summoner (Elf:1)
  3 orc knights (Orc:4)
  2 cyclopes
  A wolf spider (Spider:2)
  A griffon (D:15)
  6 fauns
  An oklob plant (Shoals:2)
  A deep elf conjurer (Elf:2)
  A sixfirhy (Orc:4)
  2 water nymphs (Shoals:1)
  A manticore (Shoals:4)
  An elephant (Lair:7)
  An apocalypse crab (Spider:4)
  A centaur zombie (D:14)
  2 black mambas
  2 gargoyles (D:14)
  2 sirens (Shoals:2)
  2 spiny frogs (Lair:8)
  A centaur skeleton (D:14)
  A yaktaur zombie (Vaults:1)
  3 yaktaurs (Vaults:2)
  A freezing wraith (Vaults:3)
  A komodo dragon (Lair:5)
  2 demonic crawlers (Spider:4)
  5 merfolk
  A jumping spider (Spider:4)
  A slime creature (Vaults:3)
  A blink frog (shapeshifter) (Vaults:3)
  A wyvern (D:12)
  2 spriggans (Lair:8)
  A water elemental (Shoals:4)
  4 yaks
  4 redbacks
  3 wargs
  A fire bat (Shoals:1)
  A deep elf fighter (Orc:3)
  2 hippogriffs
  6 wolves (Lair:8)
  A vampire mosquito (Vaults:2)
  A black bear (Lair:8)
  21 orc warriors
  2 porcupines
  A centaur (D:12)
  2 crocodiles
  A giant frog (D:12)
  2 wights (D:14)
  A crimson imp (D:6)
  16 orc priests
  9 orc wizards
  A hell rat (Elf:1)
  A sheep (Shoals:2)
  An adder (D:12)
  19 river rats
  A shadow imp (D:12)
  70 orcs
  5 goblins
  4 hobgoblins
  3 jackals (D:7)
  3 fungi (Lair:8)
  3 plants
  A tentacle (Shoals:1)
273 creatures vanquished.

Vanquished Creatures (others)
  A shadow dragon (Shoals:1)
  A ghost moth (Spider:4)
  A vault warden (Vaults:3)
  A deep elf high priest (Elf:3)
  A deep elf knight (Elf:1)
  A deep elf summoner (Elf:2)
  An orc knight (Orc:4)
  A rust devil (Vaults:1)
  A jumping spider (Spider:3)
  A spatial vortex (Shoals:4)
  An orc warrior (Orc:4)
  An ice beast (IceCv)
  2 boggarts (Vaults:3)
  2 ogres
  2 centaurs (Shoals:2)
  A big kobold (Elf:2)
  2 lost souls (Elf:3)
  A chimera (Lair:6)
  5 quasits
  3 crimson imps (Elf:1)
  6 iron imps
  An orc priest (Orc:4)
  15 white imps
  11 shadow imps
  7 ufetubi
  A butterfly (D:10)
  6 fungi
  4 plants
  7 tentacles (Shoals:1)
  137 tentacle segments (Shoals:1)
225 creatures vanquished.

Grand Total: 2275 creatures vanquished

Notes
Turn   | Place    | Note
--------------------------------------------------------------
     0 | D:1      | RobertPalmer the Naga Chaos Knight began the quest for the Orb.
     0 | D:1      | Reached XP level 1. HP: 21/21 MP: 1/1
   360 | D:1      | Reached XP level 2. HP: 24/28 MP: 2/2
   444 | D:1      | XOM: harmless Trmt miscast
   559 | D:1      | XOM: divination: magic mapping
   822 | D:2      | XOM: swap monsters
   826 | D:2      | Reached skill level 4 in Long Blades
   826 | D:2      | Reached XP level 3. HP: 34/34 MP: 3/3
  1031 | D:2      | XOM: harmless Ice miscast
  1032 | D:2      | XOM: 5-stop teleportation journey
  1130 | D:2      | XOM: silly message
  1300 | D:2      | Reached XP level 4. HP: 33/42 MP: 4/4
  1418 | D:2      | XOM: harmless Tloc miscast
  1627 | D:3      | Reached skill level 5 in Long Blades
  1701 | D:3      | XOM: divination: magic mapping
  1960 | D:4      | Noticed an ogre
  1969 | D:4      | Killed an ogre
  1969 | D:4      | Reached skill level 6 in Long Blades
  1969 | D:4      | Reached XP level 5. HP: 36/49 MP: 5/5
  2008 | D:4      | Found a staircase to the Ecumenical Temple.
  2050 | D:4      | XOM: potion effect (might)
  2052 | D:4      | Reached XP level 6. HP: 29/56 MP: 6/6
  2165 | D:4      | Found a shimmering altar of Xom.
  2169 | D:4      | Noticed an ogre
  2188 | D:4      | Killed an ogre
  2188 | D:4      | Reached skill level 7 in Long Blades
  2196 | D:4      | Found a snail-covered altar of Cheibriados.
  2523 | D:4      | XOM: confuse monster(s)
  2535 | D:4      | Reached XP level 7. HP: 57/62 MP: 7/7
  2664 | D:5      | Entered Level 5 of the Dungeon
  2672 | D:5      | Reached skill level 8 in Long Blades
  2699 | D:5      | XOM: divination: detect creatures
  2982 | D:5      | XOM: god gift: 14 gold pieces
  3076 | D:5      | XOM: 1-stop teleportation journey
  3492 | D:6      | XOM: potion effect (haste)
  3503 | D:6      | Reached skill level 9 in Long Blades
  3523 | D:6      | Found a deep blue altar of Sif Muna.
  3587 | D:6      | Reached XP level 8. HP: 56/69 MP: 8/8
  3646 | D:6      | Found a basalt altar of Yredelemnul.
  4034 | D:6      | XOM: god gift: chain mail {god gift}
  4090 | D:6      | XOM: cast spell 'Dragon Form'
  4159 | D:7      | XOM: summons friendly white imp
  4169 | D:7      | Reached skill level 10 in Long Blades
  4368 | D:7      | Reached skill level 11 in Long Blades
  4434 | D:7      | Found a shattered altar of Ashenzari.
  4435 | D:7      | Noticed Joseph
  4446 | D:7      | XOM: enchant monster (good)
  4451 | D:7      | Killed Joseph
  4451 | D:7      | Reached XP level 9. HP: 53/75 MP: 9/9
  4532 | D:7      | XOM: god gift: chain mail {god gift}
  4556 | D:7      | XOM: swap monsters
  4565 | D:7      | Reached skill level 12 in Long Blades
  4571 | D:7      | XOM: fake destruction
  4576 | D:7      | XOM: god gift: glowing rapier {god gift}
  4595 | D:7      | XOM: swap monsters
  5066 | D:7      | XOM: colour smoke trail
  5225 | D:7      | Got an ancient tin ring
  5333 | D:7      | XOM: give mutation
  5333 | D:7      | Gained mutation: You can exhale a cloud of poison. [Xom's grace]
  5438 | D:7      | Found a bloodstained altar of Trog.
  5439 | D:7      | Found an iron altar of Okawaru.
  5507 | D:8      | Identified the ring "Xeikuaha" {Str+2 Int+3 Dex+5} (You found it on level 7 of the Dungeon)
  5608 | D:8      | XOM: enchant monster (good)
  5619 | D:8      | XOM: give mutations
  5619 | D:8      | Gained mutation: You are covered in fur (AC +1). [Xom's grace]
  5619 | D:8      | Gained mutation: You have a pair of small horns on your head. [Xom's grace]
  5619 | D:8      | Gained mutation: Your mind is acute. (Int +2) [Xom's grace]
  5619 | D:8      | Gained mutation: Your flesh is cold resistant. [Xom's grace]
  5781 | D:8      | XOM: vitrification
  5844 | D:8      | XOM: god gift: 11 stones
  5897 | D:8      | Reached skill level 13 in Long Blades
  5904 | D:8      | XOM: god gift: 44 gold pieces
  6016 | D:8      | XOM: swap monsters
  6033 | D:8      | XOM: 5-stop teleportation journey
  6071 | D:8      | XOM: butterfly on damage
  6072 | D:8      | XOM: smoke on damage
  6074 | D:8      | Reached XP level 10. HP: 35/84 MP: 10/10
  6249 | D:8      | XOM: polymorph orc -> giant newt
  6336 | D:8      | Reached skill level 14 in Long Blades
  6549 | D:9      | Noticed Psyche
  6553 | D:9      | XOM: god gift: robe {god gift}
  6554 | D:9      | Killed Psyche
  6574 | D:9      | Found a staircase to the Lair.
  6574 | D:9      | XOM: 6-stop teleportation journey
  6759 | D:9      | XOM: divination: magic mapping
  6878 | D:9      | Found a glowing silver altar of Zin.
  6923 | D:9      | XOM: divination: detect items
  6976 | D:9      | XOM: divination: detect creatures
  7050 | D:9      | XOM: medium Conj miscast
  7097 | D:9      | Reached skill level 1 in Dodging
  7221 | D:9      | Reached skill level 2 in Dodging
  7341 | D:10     | Entered Level 10 of the Dungeon
  7343 | D:10     | XOM: medium Tloc miscast
  7370 | D:10     | Reached skill level 3 in Dodging
  7380 | D:10     | XOM: destruction
  7408 | D:10     | Reached skill level 4 in Dodging
  7612 | D:10     | XOM: summons 5 friendly demons
  7615 | D:10     | XOM: confuse monster(s)
  7616 | D:10     | Noticed a hill giant
  7627 | D:10     | Killed a hill giant
  7627 | D:10     | Reached skill level 5 in Dodging
  7627 | D:10     | Reached XP level 11. HP: 70/90 MP: 11/11
  7642 | D:10     | XOM: cast spell 'Summon Butterflies'
  7646 | D:10     | Reached skill level 6 in Dodging
  7654 | D:10     | XOM is BORED!
  7654 | D:10     | XOM: give mutation
  7654 | D:10     | Gained mutation: You evolve. [Xom's mischief]
  7722 | D:10     | XOM: harmless Trmt miscast
  7827 | D:10     | Noticed Nergalle
  7837 | D:10     | XOM: enchant monster (good)
  7856 | D:10     | Killed Nergalle
  8008 | D:10     | Reached skill level 7 in Dodging
  8038 | D:10     | Noticed an unseen horror
  8041 | D:10     | Killed an unseen horror
  8276 | D:11     | Noticed a hill giant
  8283 | D:11     | Killed a hill giant
  8283 | D:11     | Reached skill level 8 in Dodging
  8333 | D:11     | XOM: 1-stop teleportation journey
  8439 | D:11     | You fall through a shaft for 2 floors!
  8563 | D:13     | Found a gate to the Vaults.
  8563 | D:13     | Noticed a vault guard
  8563 | D:13     | Noticed a vault guard
  8563 | D:13     | Noticed a vault guard
  8564 | D:13     | Noticed a vault guard
  8564 | D:13     | Noticed a vault guard
  8564 | D:13     | Noticed a vault guard
  8568 | D:13     | Got an ancient scimitar
  8570 | D:13     | Identified the +7 scimitar of Ryiph {slice, +Inv rPois MR-} (You found it on level 13 of the Dungeon)
  8572 | D:13     | Noticed a vault guard
  8574 | D:13     | Noticed a vault guard
  8597 | D:13     | XOM: confuse monster(s)
  8602 | D:13     | XOM: divination: detect items
  8603 | D:13     | XOM: potion effect (might)
  8603 | D:13     | Killed a vault guard
  8603 | D:13     | Reached skill level 9 in Dodging
  8603 | D:13     | Killed a vault guard
  8611 | D:13     | Killed a vault guard
  8615 | D:13     | Killed a vault guard
  8615 | D:13     | Reached skill level 10 in Dodging
  8615 | D:13     | Reached XP level 12. HP: 77/97 MP: 12/12
  8647 | D:13     | Killed a vault guard
  8647 | D:13     | Reached skill level 2 in Shields
  8656 | D:13     | XOM: potion effect (might)
  8663 | D:13     | XOM: cast spell 'Olgreb's Toxic Radiance'
  8714 | D:13     | Reached skill level 3 in Shields
  8827 | D:13     | XOM: cast spell 'Cause Fear'
  8832 | D:13     | Killed a vault guard
  8832 | D:13     | Reached skill level 4 in Shields
  8966 | D:13     | Reached skill level 5 in Shields
  8994 | D:13     | Killed a vault guard
  9091 | D:13     | Noticed Rupert
  9092 | D:13     | XOM: cast spell 'Metabolic Englaciation'
  9109 | D:13     | XOM: enchant monster (good)
  9115 | D:13     | XOM: noise
  9127 | D:13     | Killed Rupert
  9127 | D:13     | Reached skill level 6 in Shields
  9155 | D:13     | Reached skill level 7 in Shields
  9246 | D:13     | XOM: silly message
  9356 | D:13     | XOM: potion effect (haste)
  9359 | D:13     | XOM: potion effect (berserk rage)
  9371 | D:13     | Killed a vault guard
  9414 | D:14     | Found Guopyot's Elemental Accessories.
  9423 | D:14     | Noticed a salamander stormcaller
  9434 | D:14     | Killed a salamander stormcaller
  9522 | D:12     | XOM: silly message
  9546 | D:12     | Reached skill level 8 in Shields
  9588 | D:12     | Gained mutation: You can use your snake-like lower body to constrict enemies. [Naga growth]
  9588 | D:12     | Reached XP level 13. HP: 100/103 MP: 13/13
  9642 | D:12     | Found a staircase to the Orcish Mines.
  9720 | D:12     | XOM: harmless Chrm miscast
  9780 | D:12     | Noticed Urug
  9782 | D:12     | XOM: silly message
  9796 | D:12     | XOM: silly message
  9841 | D:12     | XOM: silly message
 10002 | D:12     | XOM: divination: detect creatures
 10347 | D:12     | Found a huge runed gate.
 10348 | D:12     | Found a huge runed gate.
 10356 | D:12     | XOM: silly message
 10436 | D:12     | Found a huge runed gate.
 10436 | D:12     | Found a huge runed gate.
 10446 | D:12     | Reached skill level 9 in Shields
 10700 | D:12     | XOM: silly message
 10799 | D:12     | Lost mutation: You evolve. [evolution]
 10863 | D:12     | XOM: harmless Air miscast
 10869 | D:12     | XOM: harmless Divn miscast
 10911 | D:12     | XOM: cast spell 'Ring of Flames'
 10915 | D:12     | Reached skill level 10 in Shields
 10947 | D:12     | XOM: cast spell 'Cause Fear'
 10950 | D:12     | XOM: noise
 11020 | D:12     | Noticed a seven-headed hydra
 11074 | D:12     | XOM: harmless Pois miscast
 11076 | D:12     | XOM: harmless Pois miscast
 11247 | D:11     | Noticed Maud
 11257 | D:11     | XOM: enchant monster (bad)
 11259 | D:11     | Killed Maud
 11657 | Lair:1   | Entered Level 1 of the Lair of Beasts
 11663 | Lair:1   | Noticed Yermak's ghost (powerful FoHu)
 11782 | Lair:1   | XOM: 1-stop teleportation journey
 11948 | Lair:1   | XOM: enchant monster (bad)
 11954 | Lair:1   | Reached skill level 11 in Shields
 11954 | Lair:1   | XOM: mild Fire miscast
 11980 | Lair:1   | XOM: divination: detect items
 12133 | Lair:1   | Got a warped iron ring
 12303 | Lair:1   | XOM: medium Necr miscast
 12343 | Lair:1   | XOM: medium Chrm miscast
 12513 | Lair:1   | Gained mutation: You are partially covered in molten scales (AC +1). [potion of beneficial mutation]
 12514 | Lair:1   | Gained mutation: You are agile. (Dex +2) [potion of beneficial mutation]
 12531 | Lair:1   | Killed Yermak's ghost
 13082 | Lair:1   | XOM: mild Erth miscast
 13191 | Lair:2   | Found a frozen archway.
 13195 | Lair:2   | Drew Focus: Int increased to 18, Dex decreased to 9
 13239 | IceCv    | Entered an ice cave
 13265 | IceCv    | XOM: summons 2 friendly demons
 13271 | IceCv    | XOM: destruction
 13303 | IceCv    | Reached skill level 12 in Shields
 13321 | IceCv    | Reached XP level 14. HP: 111/111 MP: 14/14
 13334 | IceCv    | XOM: fake destruction
 13337 | IceCv    | XOM: mild Tloc miscast
 13380 | IceCv    | Lost mutation: You can exhale a cloud of poison. [potion of cure mutation]
 13380 | IceCv    | Lost mutation: Your flesh is cold resistant. [potion of cure mutation]
 13380 | IceCv    | Lost mutation: Your mind is acute. (Int +2) [potion of cure mutation]
 13380 | IceCv    | Lost mutation: You are covered in fur (AC +1). [potion of cure mutation]
 13382 | IceCv    | Gained mutation: Your skin changes colour to match your surroundings (Stealth). [potion of mutation]
 13382 | IceCv    | Gained mutation: You can translocate small distances at will. [potion of mutation]
 13382 | IceCv    | XOM: chaos cloud
 13392 | IceCv    | XOM: 1-stop teleportation journey
 13398 | IceCv    | XOM: enchant monster (good)
 13438 | IceCv    | XOM: divination: detect items
 13509 | IceCv    | Got a shimmering lead ring
 13523 | IceCv    | Identified the ring "Koarhysch" {rN+ Dex+2 SInv} (You found it in an ice cave)
 14025 | Lair:2   | XOM: enchant monster (bad)
 14265 | Lair:2   | You fall through a shaft for 2 floors!
 14339 | Lair:4   | XOM: confuse monster(s)
 14443 | Lair:4   | XOM: cast spell 'Olgreb's Toxic Radiance'
 14603 | Lair:4   | XOM: noise
 15156 | Lair:4   | XOM: summons 3 friendly demons
 15160 | Lair:4   | XOM: blink monster(s)
 15188 | Lair:4   | XOM: noise
 15192 | Lair:4   | XOM: summons 2 friendly demons
 15200 | Lair:4   | Reached skill level 13 in Shields
 15208 | Lair:4   | XOM: divination: detect creatures
 15220 | Lair:4   | XOM: enchant monster (good)
 15227 | Lair:4   | XOM: polymorph shadow imp -> ufetubus
 15319 | Lair:4   | XOM: enchant monster (good)
 15555 | Lair:4   | Found a staircase to the Shoals.
 15562 | Lair:4   | XOM: god gift: leatherbound book {god gift}
 15619 | Lair:4   | Identified the ring "Xetix" {Ice rPois Int+2} (You found it on level 1 of the Lair of Beasts)
 15790 | Lair:4   | XOM: medium Tloc miscast
 15920 | Lair:5   | XOM: mild Air miscast
 16406 | Lair:5   | XOM: enchant monster (good)
 16421 | Lair:5   | HP: 27/112 [fire dragon (2)]
 16424 | Lair:5   | Reached skill level 4 in Fighting
 16643 | Lair:5   | Reached skill level 5 in Fighting
 16763 | Lair:5   | XOM: give mutations
 16763 | Lair:5   | Gained mutation: You are weak. (Str -2) [Xom's mischief]
 16763 | Lair:5   | Lost mutation: You are weak. (Str -2) [Xom's mischief]
 16763 | Lair:5   | Lost mutation: You are partially covered in molten scales (AC +1). [Xom's mischief]
 16895 | Lair:5   | Upgraded the game from 0.17-a0-1046-ga09e34d to 0.17-a0-1056-g838d5c0
 16951 | Lair:6   | Got a shimmering iron ring
 16953 | Lair:6   | Identified the ring of Moanof {rPois Str+5 Dex-5} (You found it on level 6 of the Lair of Beasts)
 17013 | Lair:6   | XOM: mild Chrm miscast
 17015 | Lair:6   | XOM: mild Ice miscast
 17034 | Lair:6   | XOM: harmless Ice miscast
 17037 | Lair:6   | XOM: summons friendly white imp
 17134 | Lair:6   | XOM: harmless Trmt miscast
 17145 | Lair:6   | Reached skill level 6 in Fighting
 17162 | Lair:6   | XOM: harmless Necr miscast
 17227 | Lair:6   | Found a hole to the Spider Nest.
 17340 | Lair:6   | XOM: mild Trmt miscast
 17438 | Lair:6   | XOM: summons 2 hostile shadow creatures
 17491 | Lair:6   | XOM: harmless Fire miscast
 17513 | Lair:6   | XOM: silly message
 17517 | Lair:6   | XOM: mild Conj miscast
 17524 | Lair:6   | Reached skill level 7 in Fighting
 17556 | Lair:6   | XOM: chaos cloud
 17561 | Lair:6   | XOM: noise
 17562 | Lair:6   | XOM: cast spell 'Ring of Flames'
 17623 | Lair:6   | XOM: smoke on damage
 17629 | Lair:6   | XOM: enchant monster (good)
 17708 | Lair:6   | XOM: mild Trmt miscast
 17889 | Lair:7   | XOM: confuse monster(s)
 17915 | Lair:7   | Found a labyrinth entrance.
 17927 | Lab      | Entered a labyrinth
 17962 | Lab      | Reached skill level 8 in Fighting
 17980 | Lab      | Reached XP level 15. HP: 132/132 MP: 15/15
 18111 | Lab      | XOM: silly message
 18193 | Lab      | XOM: colour smoke trail
 18440 | Lab      | XOM: noise
 18625 | Lab      | XOM: cast spell 'Cause Fear'
 18633 | Lab      | XOM: medium Necr miscast
 18635 | Lab      | Got a warped golden ring
 18651 | Lab      | Identified the Papyrus of Malediction
 18673 | Lab      | Identified the ring "Mukoasih" {+/*Tele Int+3} (You found it in a labyrinth)
 18737 | Lair:7   | XOM: noise
 18800 | Lair:7   | XOM: polymorph crocodile -> scorpion
 18825 | Lair:7   | XOM: confuse monster(s)
 18839 | Lair:7   | XOM: confuse monster(s)
 18845 | Lair:7   | XOM: blink monster(s)
 18908 | Lair:7   | Reached skill level 9 in Fighting
 18918 | Lair:7   | XOM: snakes to sticks
 18964 | Lair:7   | XOM: summons 1 hostile shadow creature
 18989 | Lair:7   | XOM: mild Summ miscast
 19045 | Lair:7   | XOM: mild Hex miscast
 19513 | Lair:3   | XOM: give mutations
 19513 | Lair:3   | Lost mutation: You are agile. (Dex +2) [Xom's mischief]
 19513 | Lair:3   | Gained mutation: You occasionally shout uncontrollably at your foes. [Xom's mischief]
 19631 | Lair:3   | XOM: confusion (+ monsters)
 19717 | Lair:3   | Reached skill level 10 in Fighting
 19888 | Lair:3   | XOM: vitrification
 20276 | Lair:2   | XOM: give mutation
 20276 | Lair:2   | Gained mutation: You have a somewhat thin skeletal structure (Dex +2, Stealth). [Xom's grace]
 20464 | D:12     | XOM: mild Air miscast
 20490 | D:12     | XOM: divination: detect items
 20523 | Orc:1    | Entered Level 1 of the Orcish Mines
 20569 | D:12     | XOM: harmless Erth miscast
 20573 | D:12     | Hired Usutoret the merfolk for 316 gold.
 20579 | D:12     | Killed a seven-headed hydra
 20840 | Orc:1    | Found Baocerox's Distillery.
 20872 | Orc:1    | Bought a potion of heal wounds for 55 gold pieces
 20875 | Orc:1    | Found a bloodstained altar of Trog.
 20960 | Orc:1    | Found Gounedeh's General Store.
 20968 | Orc:1    | Bought a scroll of magic mapping for 42 gold pieces
 21087 | Orc:2    | XOM: harmless Hex miscast
 21144 | Orc:2    | Noticed Sonja
 21159 | Orc:2    | Killed Sonja
 21617 | Orc:3    | Found Ciudo's Distillery.
 21620 | Orc:3    | Found a staircase to the Elven Halls.
 22065 | Orc:4    | Entered Level 4 of the Orcish Mines
 22072 | Orc:4    | Noticed HEYYEYAAE's ghost (powerful OpBe)
 22082 | Orc:4    | XOM: mild Fire miscast
 22086 | Orc:4    | Killed HEYYEYAAE's ghost
 22133 | Orc:4    | Found a roughly hewn altar of Beogh.
 22193 | Orc:4    | Noticed Snorg
 22205 | Orc:4    | Killed Snorg
 22727 | Orc:4    | Reached skill level 11 in Fighting
 22736 | Orc:4    | XOM: polymorph orc priest -> river rat
 22807 | Orc:4    | XOM: confuse monster(s)
 22837 | Orc:4    | Found Kahuc's Antique Weapon Shoppe.
 22837 | Orc:4    | Found Dezac's Magic Scroll Shoppe.
 22838 | Orc:4    | Found Systroph's Distillery.
 22838 | Orc:4    | Found Tootey's Armour Shoppe.
 22849 | Orc:4    | Bought a scroll of acquirement for 572 gold pieces
 22849 | Orc:4    | Bought a scroll of acquirement for 572 gold pieces
 22860 | Orc:4    | Bought a potion of heal wounds for 70 gold pieces
 22860 | Orc:4    | Bought a potion of heal wounds for 70 gold pieces
 22860 | Orc:4    | Bought a potion of haste for 140 gold pieces
 22860 | Orc:4    | Bought a potion of might for 56 gold pieces
 23033 | Orc:4    | XOM: mild Pois miscast
 23213 | D:12     | XOM: harmless Ice miscast
 23284 | D:12     | XOM: silly message
 23520 | D:10     | XOM: cast spell 'Statue Form'
 23528 | D:9      | XOM: scenery: create altars
 23720 | Lair:2   | XOM: medium Trmt miscast
 23741 | Lair:2   | XOM: harmless Pois miscast
 24284 | Lair:5   | Reached skill level 12 in Fighting
 24313 | Lair:5   | XOM: harmless Air miscast
 24603 | Lair:7   | XOM: divination: detect creatures
 24630 | Lair:7   | Got a steaming large shield
 24641 | Lair:7   | Identified the +3 large shield of a sewer {rF++ rC- rCorr} (You acquired it on level 7 of the Lair of Beasts)
 24644 | Lair:7   | Got a jewelled demon blade
 24645 | Lair:7   | Identified the +6 demon blade of Extinguishment {venom, -Tele rElec rC++} (You acquired it on level 7 of the Lair of Beasts)
 24716 | Lair:7   | XOM: god gift: morningstar {god gift}
 24790 | Lair:7   | XOM: polymorph Usutoret the merfolk impaler -> Usutoret the dire elephant
 24980 | Lair:8   | Entered Level 8 of the Lair of Beasts
 25046 | Lair:8   | Found a viscous altar of Jiyva.
 25047 | Lair:8   | Found a staircase to the Slime Pits.
 25081 | Lair:8   | Reached skill level 15 in Long Blades
 25472 | Lair:8   | Reached XP level 16. HP: 152/152 MP: 16/16
 25553 | Lair:8   | Reached skill level 16 in Long Blades
 26306 | D:4      | XOM: vitrification
 26700 | D:12     | XOM: stat loss: -1 Dex (16/17)
 27314 | D:14     | Noticed a centaur warrior
 27322 | D:14     | Killed a centaur warrior
 27361 | D:14     | Reached skill level 13 in Fighting
 27397 | D:14     | XOM: divination: detect creatures
 27428 | D:14     | XOM: vitrification
 27498 | D:14     | Killed Urug
 27642 | D:15     | Entered Level 15 of the Dungeon
 27685 | D:15     | Found a staircase to the Depths.
 28111 | D:15     | XOM: vitrification
 28218 | D:15     | Reached skill level 14 in Fighting
 28529 | D:12     | XOM: polymorph Usutoret the dire elephant -> Usutoret the shadow dragon
 28760 | Shoals:1 | Entered Level 1 of the Shoals
 28968 | Shoals:1 | Got a transparent robe
 28979 | Shoals:1 | Identified the +1 robe of the Evening Star {-Cast rPois rCorr} (You found it on level 1 of the Shoals)
 29027 | Shoals:1 | XOM: 1-stop teleportation journey
 29073 | Shoals:1 | XOM: severe Hex miscast
 29120 | Shoals:1 | Noticed a kraken
 29129 | Shoals:1 | Your ally Usutoret died
 29132 | Shoals:1 | Killed a kraken
 29433 | Shoals:1 | XOM: summons friendly shadow imp
 29446 | Shoals:1 | XOM: confuse monster(s)
 29686 | Shoals:2 | XOM: summons 16 friendly demons
 29687 | Shoals:2 | Reached skill level 11 in Dodging
 29700 | Shoals:2 | Found a sacrificial altar of Ru.
 29745 | Shoals:2 | XOM: enchant monster (good)
 29751 | Shoals:2 | XOM: confusion
 29881 | Shoals:2 | XOM: harmless Erth miscast
 29952 | Shoals:2 | Found Hodaomeb's Distillery.
 29961 | Shoals:2 | Bought a potion of experience for 700 gold pieces
 29961 | Shoals:2 | Bought a potion of heal wounds for 70 gold pieces
 29965 | Shoals:2 | Reached skill level 5 in Necromancy
 29965 | Shoals:2 | Reached XP level 17. HP: 154/166 MP: 17/17
 30445 | Shoals:3 | Reached XP level 18. HP: 175/175 MP: 18/18
 30486 | Shoals:3 | XOM: blink monster(s)
 30491 | Shoals:3 | XOM: harmless Air miscast
 30532 | Shoals:3 | XOM: silly message
 30613 | Shoals:3 | Reached skill level 12 in Dodging
 30658 | Shoals:3 | XOM: noise
 30675 | Shoals:3 | XOM: medium Tloc miscast
 30801 | Shoals:3 | XOM: enchant monster (good)
 30810 | Shoals:3 | XOM: enchant monster (bad)
 30835 | Shoals:3 | XOM: noise
 30842 | Shoals:3 | XOM: chaos cloud
 30858 | Shoals:3 | XOM: noise
 30940 | Shoals:3 | XOM: silly message
 31055 | Shoals:3 | XOM: polymorph merfolk -> faun
 31062 | Shoals:3 | XOM: enchant monster (good)
 31066 | Shoals:3 | XOM: fog
 31075 | Shoals:3 | HP: 38/175 [merfolk/spear (8)]
 31166 | Shoals:3 | XOM: divination: magic mapping
 31279 | Shoals:3 | XOM: divination: detect creatures
 31334 | Shoals:4 | Entered Level 4 of the Shoals
 31359 | Shoals:4 | XOM: smoke on damage
 31422 | Shoals:3 | XOM: potion effect (berserk rage)
 31427 | Shoals:3 | XOM: silly message
 31839 | Shoals:4 | Reached skill level 13 in Dodging
 31847 | Shoals:3 | XOM: potion effect (haste)
 31900 | Shoals:3 | XOM: divination: magic mapping
 31940 | Shoals:3 | XOM: silly message
 32168 | Shoals:4 | XOM: snakes to sticks
 32333 | Shoals:3 | XOM: mild Air miscast
 32465 | Shoals:4 | Noticed Ilsuiw
 32480 | Shoals:4 | XOM: swap monsters
 32485 | Shoals:4 | XOM: polymorph ice beast -> blink frog
 32488 | Shoals:4 | XOM: stat loss: -1 Str (17/18)
 32503 | Shoals:4 | HP: 37/175 [alligator snapping turtle (35)]
 32521 | Shoals:4 | XOM: summons 9 hostile demons
 32627 | Shoals:4 | XOM: 1-stop teleportation journey
 32848 | Shoals:4 | XOM: polymorph merfolk javelineer -> griffon
 32860 | Shoals:4 | XOM: swap monsters
 32892 | Shoals:4 | XOM: fake destruction
 32903 | Shoals:4 | XOM: divination: magic mapping
 32907 | Shoals:4 | XOM: divination: magic mapping
 32910 | Shoals:4 | Killed Ilsuiw
 32910 | Shoals:4 | Reached skill level 14 in Dodging
 32910 | Shoals:4 | XOM: potion effect (agility)
 32924 | Shoals:4 | XOM: potion effect (haste)
 32935 | Shoals:4 | Got a barnacled rune of Zot
 32985 | Shoals:4 | XOM: confuse monster(s)
 32987 | Shoals:4 | XOM: summons friendly white imp
 33041 | Shoals:4 | XOM: divination: magic mapping
 33078 | Shoals:4 | XOM: chaos cloud
 33085 | Shoals:4 | XOM: chaos cloud
 33086 | Shoals:4 | Noticed Mara
 33088 | Shoals:4 | XOM: polymorph merfolk impaler -> alligator
 33089 | Shoals:4 | Noticed RobertPalmer's illusion
 33166 | Shoals:1 | XOM: summons 5 hostile shadow creatures
 33192 | Lair:4   | XOM: noise
 33246 | Spider:1 | Entered Level 1 of the Spider Nest
 33250 | Spider:1 | XOM: severe Necr miscast
 33254 | Lair:6   | XOM: summons friendly ufetubus
 33255 | Lair:6   | HP: 42/175 [wolf spider (11)]
 33631 | Lair:6   | XOM: harmless Conj miscast
 33651 | Spider:1 | XOM: harmless Fire miscast
 33948 | Spider:1 | XOM: summons 5 hostile shadow creatures
 33968 | Spider:1 | XOM: polymorph redback -> faun
 33973 | Spider:1 | XOM: 2-stop teleportation journey
 34519 | Spider:1 | XOM: silly message
 34654 | Spider:2 | XOM: summons friendly ufetubus
 34727 | Spider:2 | XOM: mild Air miscast
 34744 | Spider:2 | XOM: medium Trmt miscast
 34758 | Spider:2 | XOM: summons 2 hostile shadow creatures
 34801 | Spider:2 | XOM: enchant monster (good)
 34820 | Spider:2 | XOM: polymorph jumping spider -> hippogriff
 34827 | Spider:2 | Reached XP level 19. HP: 182/182 MP: 19/19
 34837 | Spider:2 | Reached skill level 15 in Dodging
 34864 | Spider:2 | XOM: 8-stop teleportation journey
 34896 | Spider:2 | XOM: destruction
 34898 | Spider:2 | XOM: 1-stop teleportation journey
 34936 | Spider:2 | Reached skill level 2 in Armour
 34986 | Spider:2 | XOM: swap monsters
 35098 | Spider:2 | Reached skill level 3 in Armour
 35156 | Spider:2 | XOM: confuse monster(s)
 35180 | Spider:2 | XOM: blink monster(s)
 35182 | Spider:2 | Reached skill level 4 in Armour
 35329 | Spider:2 | XOM: chaos cloud
 35580 | Spider:3 | XOM: summons 5 hostile shadow creatures
 35665 | Spider:3 | XOM: polymorph jumping spider -> anubis guard
 35666 | Spider:3 | XOM: 1-stop teleportation journey
 35679 | Spider:3 | Reached skill level 5 in Armour
 35746 | Spider:3 | XOM: silly message
 35747 | Spider:3 | Noticed Arachne
 35756 | Spider:3 | Learned a level 2 spell: Corpse Rot
 35779 | Spider:3 | Learned a level 2 spell: Repel Missiles
 35802 | Spider:3 | XOM: chaos cloud
 35808 | Spider:3 | Noticed Arachne
 35808 | Spider:3 | Arachne changed into Arachne the acid blob
 35808 | Spider:3 | XOM: polymorph Arachne -> Arachne the acid blob
 35810 | Spider:3 | Killed Arachne the acid blob
 36172 | Spider:3 | XOM: enchant monster (bad)
 36229 | Spider:3 | XOM: confusion
 36233 | Spider:3 | XOM: enchant monster (bad)
 36236 | Spider:3 | XOM: polymorph orb spider -> spriggan
 36237 | Spider:3 | Reached skill level 14 in Shields
 36352 | Spider:4 | Entered Level 4 of the Spider Nest
 36354 | Spider:4 | XOM: vitrification
 36387 | Spider:4 | XOM: cast spell 'Spider Form'
 36399 | Spider:4 | XOM: swap monsters
 36401 | Spider:4 | XOM: polymorph demonic crawler -> apocalypse crab
 36556 | Spider:4 | XOM: summons friendly crimson imp
 36625 | Spider:4 | XOM: divination: detect creatures
 36694 | Spider:4 | XOM: summons friendly iron imp
 36705 | Spider:4 | XOM: summons friendly white imp
 36732 | Spider:4 | XOM: 2-stop teleportation journey
 36787 | Spider:4 | XOM: potion effect (heal wounds)
 36828 | Spider:4 | XOM: polymorph wolf spider -> water nymph
 36844 | Spider:4 | XOM: divination: detect items
 36884 | Spider:4 | XOM: enchant monster (good)
 36901 | Spider:4 | XOM: potion effect (might)
 36902 | Spider:4 | XOM: potion effect (invisibility)
 36914 | Spider:4 | XOM: summons 9 friendly demons
 36940 | Spider:4 | XOM: summons friendly shadow imp
 36947 | Spider:4 | Reached skill level 15 in Shields
 36973 | Spider:4 | Got a gossamer rune of Zot
 37125 | Spider:2 | XOM: summons 2 hostile demons
 37229 | Spider:1 | XOM: mild Air miscast
 37525 | Elf:1    | Entered Level 1 of the Elven Halls
 37533 | Elf:1    | XOM: noise
 37626 | Elf:1    | XOM: potion effect (haste)
 37660 | Elf:1    | Noticed Donald
 37669 | Elf:1    | Killed Donald
 37692 | Elf:1    | XOM: mild Pois miscast
 37775 | Elf:1    | XOM: silly message
 37796 | Elf:1    | XOM: enchant monster (good)
 37812 | Elf:1    | XOM: mild Necr miscast
 37869 | Elf:1    | XOM: noise
 37955 | Elf:1    | Noticed Louise
 37955 | Elf:1    | XOM: divination: detect items
 37985 | Elf:1    | XOM: summons 12 friendly demons
 37999 | Elf:1    | Killed Louise
 37999 | Elf:1    | Reached skill level 15 in Fighting
 38000 | Elf:1    | XOM: summons 10 friendly demons
 38003 | Elf:1    | XOM: divination: detect creatures
 38004 | Elf:1    | XOM: polymorph white imp -> quasit
 38014 | Elf:1    | XOM: confuse monster(s)
 38131 | Elf:1    | XOM: god gift: 300 gold pieces
 38425 | Elf:1    | Gained mutation: You evolve. [potion of beneficial mutation]
 38428 | Elf:1    | XOM: give mutations
 38428 | Elf:1    | Lost mutation: Your skin changes colour to match your surroundings (Stealth). [Xom's mischief]
 38428 | Elf:1    | Gained mutation: Your body sometimes deteriorates upon taking damage. [Xom's mischief]
 38428 | Elf:1    | Lost mutation: Your body sometimes deteriorates upon taking damage. [Xom's mischief]
 38473 | Elf:2    | Reached XP level 20. HP: 164/194 MP: 20/20
 38632 | Elf:2    | Gained mutation: You are agile. (Dex +2) [evolution]
 38954 | Elf:2    | XOM: medium Chrm miscast
 38957 | Elf:2    | XOM: summons friendly crimson imp
 38959 | Elf:2    | XOM: polymorph crimson imp -> ufetubus
 38964 | Elf:2    | XOM: god gift: scroll of blinking
 38986 | Elf:2    | XOM: enchant monster (good)
 38993 | Elf:2    | XOM: draining
 39089 | Elf:2    | XOM: divination: detect items
 39174 | Elf:2    | XOM: divination: detect creatures
 39439 | Elf:2    | Found a runed gate.
 39439 | Elf:2    | Found a runed gate.
 39439 | Elf:2    | Found a runed gate.
 39515 | Elf:2    | Reached skill level 16 in Fighting
 39527 | Elf:2    | Hired Ekhinoso the big kobold for 97 gold.
 39619 | Elf:2    | XOM: divination: detect creatures
 39669 | Elf:2    | Your ally Ekhinoso died
 39696 | Elf:2    | XOM: polymorph deep elf knight -> giant leech
 40108 | Depths:1 | Entered Level 1 of the Depths
 40240 | Depths:1 | XOM: divination: detect creatures
 40369 | D:13     | XOM: polymorph wyvern -> human
 40383 | D:13     | XOM: silly message
 40414 | Vaults:1 | Entered Level 1 of the Vaults
 40470 | Vaults:1 | XOM: summons 2 friendly demons
 40622 | Vaults:1 | XOM: divination: detect creatures
 40626 | Vaults:1 | XOM: enchant monster (good)
 40630 | Vaults:1 | XOM: enchant monster (good)
 40661 | Vaults:1 | XOM: confusion (+ monsters)
 40667 | Vaults:1 | XOM: enchant monster (good)
 41209 | Elf:3    | Entered Level 3 of the Elven Halls
 41254 | Elf:2    | XOM: confuse monster(s)
 41269 | Elf:2    | Reached skill level 17 in Fighting
 41315 | Elf:2    | XOM: noise
 41320 | Elf:2    | XOM: summons friendly white imp
 41353 | Elf:2    | XOM: divination: detect creatures
 41357 | Elf:2    | XOM: enchant monster (bad)
 41359 | Elf:2    | XOM: potion effect (heal wounds)
 41399 | Elf:2    | XOM: enchant monster (good)
 41417 | Elf:2    | XOM: cast spell 'Cause Fear'
 41559 | Elf:2    | XOM: confuse monster(s)
 42039 | Elf:3    | XOM: polymorph deep elf demonologist -> fire dragon
 42125 | Elf:3    | Found a gateway to a bazaar.
 42252 | Elf:3    | Noticed Jorgrun
 42254 | Elf:3    | XOM: summons friendly white imp
 42257 | Elf:3    | XOM: swap monsters
 42264 | Elf:3    | Killed Jorgrun
 42293 | Elf:3    | Reached skill level 18 in Fighting
 42297 | Elf:3    | XOM: polymorph griffon -> wolf spider
 42298 | Elf:3    | XOM: medium Summ miscast
 42301 | Elf:3    | XOM: chaos cloud
 42317 | Elf:3    | XOM: polymorph six-headed hydra -> storm dragon
 42318 | Elf:3    | XOM: summons friendly white imp
 42326 | Elf:3    | XOM: potion effect (brilliance)
 42327 | Elf:3    | XOM: blink monster(s)
 42354 | Elf:3    | XOM: summons 1 friendly demon
 42521 | Elf:3    | XOM: cast spell 'Necromutation'
 42641 | Elf:3    | XOM: colour smoke trail
 42722 | Elf:3    | XOM: smoke on damage
 42727 | Elf:3    | XOM: noise
 42731 | Elf:3    | Noticed Saint Roka
 42738 | Elf:3    | XOM: potion effect (invisibility)
 42747 | Elf:3    | XOM: chaos upgrade
 42749 | Elf:3    | Killed Saint Roka
 42750 | Elf:3    | XOM: divination: detect creatures
 42754 | Elf:3    | XOM: confuse monster(s)
 42756 | Elf:3    | XOM: chaos cloud
 42757 | Elf:3    | Reached XP level 21. HP: 161/213 MP: 21/21
 42781 | Elf:3    | XOM: swap monsters
 42787 | Elf:3    | XOM: cast spell 'Blink'
 42824 | Elf:3    | XOM: potion effect (invisibility)
 42865 | Elf:3    | XOM: chaos upgrade
 42868 | Elf:3    | XOM: blink monster(s)
 42935 | Elf:3    | XOM: divination: detect creatures
 43153 | Elf:3    | XOM: colour smoke trail
 43182 | Elf:3    | XOM: cast spell 'Cause Fear'
 43200 | Elf:3    | Reached skill level 19 in Fighting
 43208 | Elf:3    | XOM: cast spell 'Confusing Touch'
 43211 | Elf:3    | XOM: harmless Summ miscast
 43255 | Elf:3    | Lost mutation: You occasionally shout uncontrollably at your foes. [helix card]
 43266 | Elf:3    | XOM: harmless Erth miscast
 43304 | Elf:3    | XOM: noise
 43318 | Elf:3    | XOM: harmless Hex miscast
 43528 | Elf:3    | XOM: confusion (+ monsters)
 43837 | Elf:3    | Reached skill level 20 in Fighting
 43888 | Elf:3    | Got a scorched amethyst amulet
 43889 | Elf:3    | Got a faintly glowing long sword
 43890 | Elf:3    | Identified the +2 long sword "Vevinew" {antimagic, rPois rF+ rC- SInv} (You took it off a deep elf demonologist on level 3 of the Elven Halls)
 43921 | Elf:3    | XOM: confuse monster(s)
 43924 | Elf:3    | XOM: fog
 43979 | Elf:3    | XOM: enchant monster (good)
 43983 | Elf:3    | XOM: summons friendly shadow imp
 43987 | Elf:3    | Got a serpentine silver ring
 43993 | Elf:3    | Identified the amulet "Ivagemp" {Gourm Dex+4} (You took it off a deep elf demonologist on level 3 of the Elven Halls)
 43994 | Elf:3    | Identified the ring of the Exiled Orbs {rPois rC+ Slay+3 SInv} (You took it off a deep elf sorcerer on level 3 of the Elven Halls)
 44113 | Elf:3    | XOM: mild Ice miscast
 44121 | Elf:3    | XOM: confusion (+ monsters)
 44276 | Elf:3    | XOM: mild Chrm miscast
 44355 | Elf:3    | XOM: give mutations
 44355 | Elf:3    | Gained mutation: You are partially covered in rugged brown scales (AC +1, +3% HP). [Xom's grace]
 44355 | Elf:3    | Gained mutation: You are covered in fur (AC +1). [Xom's grace]
 44386 | Elf:3    | XOM: cast spell 'Ice Form'
 44563 | Elf:3    | XOM: summons 2 hostile shadow creatures
 44589 | Elf:3    | XOM: chaos upgrade
 44728 | Elf:3    | XOM: noise
 44740 | Elf:3    | Got a heavily runed bronze ring
 44745 | Elf:3    | Got a sparkling bronze ring
 44746 | Elf:3    | Identified the cursed ring "Ejiyl" {rC+ Int-2 Dex+4 Slay+2} (You found it on level 3 of the Elven Halls)
 44747 | Elf:3    | Identified the ring "Vaimoysch" {+cTele rPois Int+9} (You found it on level 3 of the Elven Halls)
 44754 | Elf:3    | Identified a +1 rod of clouds (14/14) {!a} (You took it off a merfolk javelineer on level 4 of the Shoals)
 44797 | Elf:3    | XOM: smoke on damage
 44834 | Elf:3    | Gained mutation: You possess an exceptional clarity of mind. [evolution]
 44834 | Elf:3    | Lost mutation: You evolve. [end of evolution]
 44983 | Elf:3    | Identified Toomi's Handbook of Execration (You found it on level 3 of the Elven Halls)
 45011 | Elf:3    | Identified the Collected Works on Companions (You found it on level 3 of the Elven Halls)
 45340 | Vaults:1 | XOM: enchant monster (bad)
 45352 | Vaults:1 | XOM: polymorph slime creature -> eye of devastation
 45428 | Vaults:1 | XOM: enchant monster (bad)
 45661 | Vaults:1 | XOM: scenery: 2 doors close
 45909 | Vaults:1 | XOM: polymorph purple ugly thing -> anaconda
 45911 | Vaults:1 | XOM: confuse monster(s)
 45912 | Vaults:1 | XOM: divination: detect creatures
 45922 | Vaults:1 | Reached skill level 6 in Necromancy
 45932 | Vaults:1 | XOM: cast spell 'Excruciating Wounds'
 46078 | Vaults:1 | XOM: scenery: 4 doors close
 46146 | Vaults:1 | XOM: divination: detect creatures
 46147 | Vaults:1 | XOM: cast spell 'Dispersal'
 46158 | Vaults:1 | Hired Efavatri the big kobold for 92 gold.
 46219 | Vaults:1 | Found Todgh's Food Shop.
 46248 | Vaults:1 | XOM: chaos cloud
 46252 | Vaults:1 | XOM: summons friendly rust devil
 46256 | Vaults:1 | XOM: summons friendly chaos spawn
 46260 | Vaults:1 | XOM: smoke on damage
 46264 | Vaults:1 | Reached skill level 7 in Necromancy
 46517 | Vaults:2 | Reached XP level 22. HP: 236/236 MP: 22/22
 46548 | Vaults:2 | XOM: god gift: 26 gold pieces
 46691 | Vaults:2 | XOM: polymorph vault sentinel -> tarantella
 46703 | Vaults:2 | XOM: polymorph Efavatri the big kobold -> Efavatri the raiju
 46858 | D:12     | XOM: draining
 46958 | Elf:1    | XOM: harmless Trmt miscast
 47006 | Elf:2    | Reached skill level 8 in Necromancy
 47047 | Elf:2    | XOM: polymorph Efavatri the raiju -> Efavatri the boulder beetle
 47219 | Vaults:2 | Found Exexotuy's Jewellery Shoppe.
 47309 | Vaults:2 | XOM: blink monster(s)
 47427 | Vaults:2 | XOM: enchant monster (good)
 47502 | Vaults:2 | XOM: cast spell 'Spider Form'
 47514 | Vaults:2 | XOM: smoke on damage
 47558 | Vaults:2 | Reached skill level 9 in Necromancy
 47609 | Vaults:2 | Found a staircase to the Crypt.
 47803 | Vaults:2 | XOM: enchant monster (good)
 48003 | Vaults:2 | XOM: noise
 48154 | Vaults:3 | XOM: enchant monster (good)
 48165 | Vaults:3 | Reached skill level 10 in Necromancy
 48357 | Vaults:3 | Found Sirchoxu's Armour Boutique.
 48374 | Vaults:3 | XOM: divination: detect creatures
 48456 | Vaults:3 | Found a white marble altar of Elyvilon.
 48512 | Vaults:3 | Lost mutation: You are agile. (Dex +2) [a shining eye]
 48718 | Vaults:3 | XOM: potion effect (haste)
 48848 | Vaults:3 | XOM: enchant monster (good)
 49007 | Vaults:3 | XOM: god gift: plate armour {god gift}
 49099 | Vaults:3 | XOM: summons friendly neqoxec
 49105 | Vaults:3 | Reached skill level 11 in Necromancy
 49202 | Vaults:4 | XOM: swap monsters
 49280 | Vaults:4 | XOM: harmless Summ miscast
 49306 | Vaults:4 | XOM: cast spell 'Dispersal'
 49310 | Vaults:4 | XOM: divination: magic mapping
 49373 | Vaults:4 | Reached skill level 12 in Necromancy
 49400 | Vaults:4 | XOM: noise
 49478 | Vaults:4 | XOM: cast spell 'Cause Fear'
 49505 | Vaults:4 | XOM: potion effect (haste)
 49771 | Vaults:4 | Reached skill level 13 in Necromancy
 49801 | Vaults:4 | XOM: divination: detect items
 49829 | Vaults:4 | XOM: confuse monster(s)
 49832 | Vaults:4 | XOM: divination: detect items
 49833 | Vaults:4 | XOM: divination: magic mapping
 49836 | Vaults:4 | HP: 49/236 [deep troll shaman[an ironheart preserver] (25)]
 49836 | Vaults:4 | HP: 21/236 [deep troll shaman[an ironheart preserver] (28)]
 49836 | Vaults:4 | HP: 5/236 [deep troll[an ironheart preserver] (16)]
 49836 | Vaults:4 | Slain by a deep troll

Vault maps used:
D:1:      co_arrival_random_square_maze
D:2:      first_bread, minmay_misc_feat_room
D:4:      kennysheep_little_box, nicolae_overflow_hidden_temple,
          minmay_temple_entry_glassed_door, hangedman_abyss_or_decor_passed
D:5:      minivault_5
D:6:      led_sif_book, basic_altar
D:7:      grunt_temple_overflow_bloody_war, lemuel_crystal_altar, serial_undead,
          serial_undead_e, serial_undead_f, serial_undead_a, serial_undead_c,
          minivault_11, the_bakery, uniq_joseph
D:8:      kennysheep_generic_room_6
D:9:      lemuel_crystal_altar, due_lair_maze_entry_diamond, uniq_psyche
D:10:     uniq_nergalle
D:11:     uniq_maud
D:12:     lemuel_bear_cage, erik_orc_4, dk_vineyard_2, minmay_holes, uniq_urug
D:13:     erik_vaults_2, hangedman_decor_slide_cut, uniq_rupert
D:14:     hangedman_decor_diamond_cutter, grunt_decor_fettered,
          nicolae_elemental_shop
D:15:     hangedman_depths_entry_civil_slaughter, serial_aquarium,
          aquarium_bridge_long_separate, aquarium_bridge_square,
          aquarium_window_fake, aquarium_window_1, aquarium_window_fake,
          aquarium_window_fake, aquarium_view_2e, aquarium_pool_five
Lair:1:   st_stairs_7, beast_lair_carwin_9, serial_bayou_shore_b,
          serial_bayou_shore_b
Lair:2:   portal_ice_cave_entry_ice_beasts
Lair:4:   minmay_lair_oklob_items, minmay_shoals_entry_hut, grunt_megastairs_4
Lair:5:   dragon1_lemuel, serial_bayou_lake_a
Lair:6:   nicolae_spider_entry_non_spiders, minivault_27,
          grunt_forest_large_clearings
Lair:7:   lab_entry_generic
Lair:8:   minmay_lair_end_enchanted_forest, slime_altar_1
Shoals:1: hangedman_shoal_volcano
Shoals:2: serial_shops, nicolae_shop_stone, lemuel_oklob_altar
Shoals:3: cheibrodos_shoals_roost
Shoals:4: shoals_end_simple, shoals_ilsuiw_alternative, uniq_mara
Spider:1: nicolae_spider_webs_and_nodes
Spider:2: nicolae_spider_nook
Spider:3: hangedman_spider_mandibles, nicolae_spider_circle_web, uniq_arachne
Spider:4: grunt_spider_rune_island
Orc:1:    serial_shops, shop_fountains, shop, nicolae_shop_trees,
          nicolae_shop_stone, basic_altar, uniq_erica
Orc:2:    uniq_sonja
Orc:3:    serial_shops, nicolae_shop_stone, nicolae_orc_pool_cavern
Orc:4:    st_orc_pillars, basic_altar, uniq_snorg
Elf:1:    minivault_28, uniq_donald, uniq_louise
Elf:2:    minivault_25_ag, minivault_15, hangedman_elf_represent
Elf:3:    minmay_elf_hall_four_x, serial_shops, bzr_entry_road, special_room,
          minmay_misc_feat_columns, uniq_saint_roka, uniq_jorgrun
Vaults:1: grunt_vaults_diagonal, v_pattern_5, nicolae_vaults_triangles,
          nicolae_vaults_three_branches, vaults_room_grid,
          nicolae_vaults_little_ls, v_misc_1, v_misc_23,
          ontoclasm_vaults_gallery, serial_shops, shop
Vaults:2: v_misc_4, v_rooms_3, ontoclasm_vaults_bender,
          minmay_crypt_entry_simple_statues, vaults_mumra_hexcomb,
          nicolae_vaults_little_squares_3, vaults_mumra_chevron,
          dpeg_vaults_monster_row, v_misc_11, vaults_room_ringed_pool,
          v_misc_26, stair_cage_open, vaults_room_door_ring,
          ontoclasm_vaults_claustrophobia, vaults_room_stairs_pillars,
          serial_shops, nicolae_shop_temple_entry_statues_fountains
Vaults:3: dpeg_vaults_monster_box, v_pattern_4, v_misc_11,
          nicolae_vaults_diagonal_hallway_7, v_misc_13, v_alt_pattern_5,
          hangedman_vaults_hat, nicolae_vaults_diagonal_hallway_9,
          ontoclasm_vaults_loading_screen, v_misc_24, ontoclasm_vaults_pinch,
          vaults_room_pools, basic_altar, serial_shops,
          nicolae_shop_behind_doors
Vaults:4: nicolae_vaults_fighting_squares, ontoclasm_vaults_shuriken,
          vaults_dpeg_cross, v_pattern_3, hangedman_vaults_pinch,
          hangedman_vaults_maws, nicolae_vaults_mini_display_case,
          vaults_standard_mumra_x, v_misc_30, hangedman_vaults_corner_blocks,
          nicolae_vaults_little_squares_6, v_misc_24,
          nicolae_trove_entry_path_of_doom
Depths:1: hangedman_decor_riveting, grunt_hell_entry_dis_grunt,
          kennysheep_cross_room, minmay_misc_feat_iff, minivault_12
Lab:      nicolae_lab_dead_adventurers, nicolae_lab_grate, nicolae_lab_starburst
IceCv:    ice_cave_small_dragons

Action                   |  1- 3 |  4- 6 |  7- 9 | 10-12 | 13-15 | 16-18 | 19-21 | 22-24 || total
-------------------------+-------+-------+-------+-------+-------+-------+-------+-------++-------
Melee: Falchion          |    97 |   124 |   252 |       |       |       |       |       ||   473
       Unarmed           |       |       |    18 |       |     5 |       |    19 |     9 ||    51
       Great sword       |       |       |   106 |   241 |       |       |       |       ||   347
       Scimitar          |       |       |       |   145 |  1301 |    14 |     7 |       ||  1467
       Double sword      |       |       |       |       |   164 |   971 |  1316 |   588 ||  3039
       Demon blade       |       |       |       |       |       |   105 |   521 |       ||   626
       Long sword        |       |       |       |       |       |       |     4 |       ||     4
Throw: Stone             |       |       |    12 |   113 |   336 |       |       |       ||   461
 Abil: Spit Poison       |       |    10 |     8 |       |     8 |    10 |    18 |       ||    54
       Breathe Poison Ga |       |       |     1 |    37 |    13 |       |       |       ||    51
       Blink             |       |       |       |       |    12 |       |       |       ||    12
Evoke: Wand              |       |       |     4 |       |    11 |     2 |     7 |       ||    24
       Deck              |       |       |       |       |    13 |     9 |    13 |       ||    35
       Box of beasts     |       |       |       |       |     1 |       |       |       ||     1
  Use: Scroll            |       |     8 |     5 |    10 |    27 |    11 |    20 |     5 ||    86
       Potion            |       |       |     7 |     3 |    14 |    16 |    14 |       ||    54
 Stab: Petrifying        |     1 |       |       |     1 |       |       |       |       ||     2
       Paralysed         |       |     4 |     2 |       |     3 |       |     2 |       ||    11
       Petrified         |       |     2 |       |     1 |     1 |     2 |       |       ||     6
       Confused          |       |     1 |     3 |     1 |     3 |     7 |    15 |     1 ||    31
       Distracted        |       |       |     3 |       |     1 |    10 |     2 |     1 ||    17
       Sleeping          |       |       |       |       |     1 |     6 |     2 |       ||     9
       Invisible         |       |       |       |       |     3 |    13 |    18 |       ||    34
       Fleeing           |       |       |       |       |     1 |     1 |       |       ||     2
  Eat: Chunk             |       |     5 |    11 |    16 |    44 |    19 |    11 |    12 ||   118
       Beef jerky        |       |       |       |     2 |     2 |     1 |     1 |     1 ||     7
       Pizza             |       |       |       |       |     2 |     1 |     1 |       ||     4
       Bread ration      |       |       |       |       |     2 |     2 |     5 |       ||     9
       Meat ration       |       |       |       |       |     1 |       |       |       ||     1
       Royal jelly       |       |       |       |       |       |       |     2 |       ||     2

Vault maps used:
D:1:      co_arrival_random_square_maze
D:2:      first_bread, minmay_misc_feat_room
D:4:      kennysheep_little_box, nicolae_overflow_hidden_temple,
          minmay_temple_entry_glassed_door, hangedman_abyss_or_decor_passed
D:5:      minivault_5
D:6:      led_sif_book, basic_altar
D:7:      grunt_temple_overflow_bloody_war, lemuel_crystal_altar, serial_undead,
          serial_undead_e, serial_undead_f, serial_undead_a, serial_undead_c,
          minivault_11, the_bakery, uniq_joseph
D:8:      kennysheep_generic_room_6
D:9:      lemuel_crystal_altar, due_lair_maze_entry_diamond, uniq_psyche
D:10:     uniq_nergalle
D:11:     uniq_maud
D:12:     lemuel_bear_cage, erik_orc_4, dk_vineyard_2, minmay_holes, uniq_urug
D:13:     erik_vaults_2, hangedman_decor_slide_cut, uniq_rupert
D:14:     hangedman_decor_diamond_cutter, grunt_decor_fettered,
          nicolae_elemental_shop
D:15:     hangedman_depths_entry_civil_slaughter, serial_aquarium,
          aquarium_bridge_long_separate, aquarium_bridge_square,
          aquarium_window_fake, aquarium_window_1, aquarium_window_fake,
          aquarium_window_fake, aquarium_view_2e, aquarium_pool_five
Lair:1:   st_stairs_7, beast_lair_carwin_9, serial_bayou_shore_b,
          serial_bayou_shore_b
Lair:2:   portal_ice_cave_entry_ice_beasts
Lair:4:   minmay_lair_oklob_items, minmay_shoals_entry_hut, grunt_megastairs_4
Lair:5:   dragon1_lemuel, serial_bayou_lake_a
Lair:6:   nicolae_spider_entry_non_spiders, minivault_27,
          grunt_forest_large_clearings
Lair:7:   lab_entry_generic
Lair:8:   minmay_lair_end_enchanted_forest, slime_altar_1
Shoals:1: hangedman_shoal_volcano
Shoals:2: serial_shops, nicolae_shop_stone, lemuel_oklob_altar
Shoals:3: cheibrodos_shoals_roost
Shoals:4: shoals_end_simple, shoals_ilsuiw_alternative, uniq_mara
Spider:1: nicolae_spider_webs_and_nodes
Spider:2: nicolae_spider_nook
Spider:3: hangedman_spider_mandibles, nicolae_spider_circle_web, uniq_arachne
Spider:4: grunt_spider_rune_island
Orc:1:    serial_shops, shop_fountains, shop, nicolae_shop_trees,
          nicolae_shop_stone, basic_altar, uniq_erica
Orc:2:    uniq_sonja
Orc:3:    serial_shops, nicolae_shop_stone, nicolae_orc_pool_cavern
Orc:4:    st_orc_pillars, basic_altar, uniq_snorg
Elf:1:    minivault_28, uniq_donald, uniq_louise
Elf:2:    minivault_25_ag, minivault_15, hangedman_elf_represent
Elf:3:    minmay_elf_hall_four_x, serial_shops, bzr_entry_road, special_room,
          minmay_misc_feat_columns, uniq_saint_roka, uniq_jorgrun
Vaults:1: grunt_vaults_diagonal, v_pattern_5, nicolae_vaults_triangles,
          nicolae_vaults_three_branches, vaults_room_grid,
          nicolae_vaults_little_ls, v_misc_1, v_misc_23,
          ontoclasm_vaults_gallery, serial_shops, shop
Vaults:2: v_misc_4, v_rooms_3, ontoclasm_vaults_bender,
          minmay_crypt_entry_simple_statues, vaults_mumra_hexcomb,
          nicolae_vaults_little_squares_3, vaults_mumra_chevron,
          dpeg_vaults_monster_row, v_misc_11, vaults_room_ringed_pool,
          v_misc_26, stair_cage_open, vaults_room_door_ring,
          ontoclasm_vaults_claustrophobia, vaults_room_stairs_pillars,
          serial_shops, nicolae_shop_temple_entry_statues_fountains
Vaults:3: dpeg_vaults_monster_box, v_pattern_4, v_misc_11,
          nicolae_vaults_diagonal_hallway_7, v_misc_13, v_alt_pattern_5,
          hangedman_vaults_hat, nicolae_vaults_diagonal_hallway_9,
          ontoclasm_vaults_loading_screen, v_misc_24, ontoclasm_vaults_pinch,
          vaults_room_pools, basic_altar, serial_shops,
          nicolae_shop_behind_doors
Vaults:4: nicolae_vaults_fighting_squares, ontoclasm_vaults_shuriken,
          vaults_dpeg_cross, v_pattern_3, hangedman_vaults_pinch,
          hangedman_vaults_maws, nicolae_vaults_mini_display_case,
          vaults_standard_mumra_x, v_misc_30, hangedman_vaults_corner_blocks,
          nicolae_vaults_little_squares_6, v_misc_24,
          nicolae_trove_entry_path_of_doom
Depths:1: hangedman_decor_riveting, grunt_hell_entry_dis_grunt,
          kennysheep_cross_room, minmay_misc_feat_iff, minivault_12
Lab:      nicolae_lab_dead_adventurers, nicolae_lab_grate, nicolae_lab_starburst
IceCv:    ice_cave_small_dragons

Table legend:
 A = Turns spent in this place as a percentage of turns spent in the entire game.
 B = Non-inter-level travel turns spent in this place as a percentage of non-inter-level travel turns spent in the entire game.
 C = Inter-level travel turns spent in this place as a percentage of turns spent in this place.
 D = Turns resting spent in this place as a percentage of non-inter-level travel turns spent in this place.
 E = Turns spent auto-exploring this place as a percentage of non-inter-level travel turns spent in this place.
 F = Non-inter-level travel turns spent in this place divided by the number of levels of this place that you've seen.
                   A       B       C       D       E      F
               +-------+-------+-------+-------+-------+----------------------
         Total | 100.0 | 100.0 |   0.5 |   1.4 |   5.4 | 526.5
       Dungeon |  24.8 |  24.7 |   0.9 |   1.2 |   8.6 | 390.6
          Lair |  21.1 |  21.1 |   0.6 |   1.0 |   4.6 | 625.6
        Shoals |  10.3 |  10.3 |   0.2 |   2.9 |   1.9 | 611.0
   Spider Nest |   8.6 |   8.6 |   0.3 |   0.9 |   3.8 | 510.2
  Orcish Mines |   5.6 |   5.6 |   0.2 |   0.9 |   6.0 | 331.0
   Elven Halls |  13.9 |  13.9 |   0.7 |   2.2 |   4.6 | 1094.7
        Vaults |  10.6 |  10.6 |   0.2 |   0.7 |   7.2 | 628.2
        Depths |   0.2 |   0.2 |   0.0 |   3.7 |   0.0 |  54.0
     Labyrinth |   3.3 |   3.3 |   0.0 |   0.0 |   0.0 | 781.0
      Ice Cave |   1.6 |   1.6 |   0.0 |   2.1 |   0.3 | 387.0
               +-------+-------+-------+-------+-------+----------------------

Table legend:
 A = Kills in this place as a percentage of kills in entire the game.
 B = Kills by you in this place as a percentage of kills by you in the entire game.
 C = Kills by friends in this place as a percentage of kills by friends in the entire game.
 D = Other kills in this place as a percentage of other kills in the entire game.
 E = Experience gained in this place as a percentage of experience gained in the entire game.
 F = Experience gained in this place divided by the number of levels of this place that you have seen.
                   A       B       C       D       E      F
               +-------+-------+-------+-------+-------+----------------------
         Total | 100.0 | 100.0 | 100.0 | 100.0 | 100.0 | 13939.6
       Dungeon |  24.7 |  26.7 |  12.6 |   0.0 |  11.5 | 4793.6
          Lair |  18.6 |  18.6 |  19.5 |   0.0 |  11.1 | 8723.1
        Shoals |   9.5 |   9.7 |   8.8 |   0.0 |  13.1 | 20469.5
   Spider Nest |  10.1 |  11.4 |   1.9 |   0.0 |  11.9 | 18620.8
  Orcish Mines |   9.6 |   4.0 |  46.0 |  14.3 |   1.9 | 2933.8
   Elven Halls |  13.0 |  14.0 |   6.1 |  42.9 |  27.6 | 57711.7
        Vaults |  12.9 |  14.1 |   4.6 |  28.6 |  21.4 | 33481.8
        Depths |   0.3 |   0.3 |   0.0 |   0.0 |   0.6 | 3584.0
     Labyrinth |   0.3 |   0.3 |   0.0 |   0.0 |   0.4 | 2374.0
      Ice Cave |   1.0 |   1.0 |   0.4 |  14.3 |   0.7 | 4477.0
               +-------+-------+-------+-------+-------+----------------------
